 Dungeon Crawl Stone Soup version 0.19.1-1-g22dce08 (webtiles) character file.

596825 Xerox the Conqueror (level 27, -1/409 HPs)
             Began as a Hill Orc Fighter on Jan 11, 2017.
             Was a High Priest of Okawaru.
             Killed from afar by a green draconian (4 damage)
             ... with a blast of poison
             ... on level 5 of the Realm of Zot on Jan 17, 2017.
             The game lasted 06:56:01 (61461 turns).

Xerox the Conqueror (Hill Orc Fighter)             Turns: 61461, Time: 06:56:04

Health: -1/409     AC: 42    Str: 24    XL:     27
Magic:  26/26      EV:  2    Int:  8    God:    Okawaru [*****.]
Gold:   4157       SH: 31    Dex: 14    Spells: 0 memorised, 26 levels left

rFire  + + +     SeeInvis .     x - +6 broad axe of the Vaults {speed, +Blink rPois rF++ rC-}
rCold  . . .     Gourm    .     (armour currently unavailable)
rNeg   + + +     Faith    .     K - +2 large shield {AC+3}
rPois  +         Spirit   .     (helmet currently unavailable)
rElec  +         Reflect  +     (cloak currently unavailable)
rCorr  +         Harm     .     (gloves currently unavailable)
MR     +++..     NoTele   +     (boots currently unavailable)
Stlth  +.........               W - +4 amulet of reflection
                                j - +6 ring of protection
                                Y - ring of protection from magic

@: exhausted, tree-form (expiring), resistant, slowed, very slow
A: clumsy 1, (deformed body), low mp 1, mutation resistance 1, slow regeneration
1, weak 1, MP-powered wands
a: Heroism, Finesse, Renounce Religion, Evoke Blink
}: 3/15 runes: serpentine, slimy, silver


You were on level 5 of the Realm of Zot.
You worshipped Okawaru.
Okawaru was extremely pleased with you.
You were not hungry.
You were a tree.
You visited 9 branches of the dungeon, and saw 48 of its levels.
You visited 1 bazaar.
You also visited: Labyrinth.

You collected 5971 gold pieces.
You spent 1814 gold pieces at shops.

Inventory:

Hand Weapons
 x - the +6 broad axe of the Vaults (weapon) {speed, +Blink rPois rF++ rC-}
   (Okawaru gifted it to you on level 1 of the Snake Pit)

   Attacks with this weapon are significantly faster.
   It greatly protects you from fire.
   It makes you vulnerable to cold.
   It protects you from poison.
   It lets you blink.
Missiles
 N - 5 throwing nets (quivered)
Armour
 a - the +9 mottled dragon scales of Qunaihoysy {rN+++}
   (Okawaru gifted it to you on level 12 of the Dungeon)

   It renders you almost immune to negative energy.
 b - a +2 hat of magic resistance (melded)
 d - the +1 pair of gloves of Fun {*Contam rCorr Int+9 SInv}
   (Okawaru gifted it to you on level 2 of the Pits of Slime)

   It affects your intelligence (+9).
   It lets you see invisible.
   It causes magical contamination when unequipped.
   It protects you from acid and corrosion.
 h - the +5 plate armour of Greater Demons (melded) {rF- rC++}
   (You found it on level 5 of the Vaults)

   It makes you vulnerable to fire.
   It greatly protects you from cold.
 q - the +0 cloak of the Everdark (melded) {rElec rPois MP+9 Dex-4}
   (Okawaru gifted it to you on level 1 of the Vaults)

   It affects your dexterity (-4).
   It insulates you from electricity.
   It protects you from poison.
   It affects your magic capacity (+9).
 B - the +2 hat of the Bear Spirit {Spirit, +Rage rN+ MR++}
   (You acquired it on level 2 of the Realm of Zot)

   It protects you from negative energy.
   It affects your resistance to hostile enchantments.
   It lets you go berserk.
 F - a +2 pair of gloves of dexterity (melded)
 H - the +2 pair of boots of the Assassin (melded) {DetectMon Stab+ Stlth++}
   (Okawaru gifted it to you on level 5 of the Lair of Beasts)

   It makes you much more stealthy.
 I - the +1 chain mail "Koottoze" {rCorr Str+3}
   (Okawaru gifted it to you on level 4 of the Vaults)

   It affects your strength (+3).
   It protects you from acid and corrosion.
 K - a +2 large shield of protection (worn)
 M - a +2 shield of fire resistance
Jewellery
 c - an uncursed ring of protection from magic
 j - a +6 ring of protection (right branch)
 n - an uncursed ring of fire
 s - the ring of Midnight {rPois AC+5 Int+2}
   (You took it off a frost giant on level 5 of the Vaults)

   [ring of protection]

   It affects your AC (+5).
   It affects your intelligence (+2).
   It protects you from poison.
 P - the ring of Ybierat {rC+ Dex+3}
   (You took it off a fire giant on level 5 of the Vaults)

   [ring of protection from cold]

   It affects your dexterity (+3).
   It protects you from cold.
 W - a +4 amulet of reflection (around neck)
 Y - a ring of protection from magic (left branch)
Wands
 y - a wand of teleportation (6/9)
 U - a wand of digging (24/24)
Scrolls
 g - 7 scrolls of recharging
 l - 2 scrolls of brand weapon
 o - 23 scrolls of remove curse
 p - 7 scrolls of fear
 u - 3 scrolls of blinking
 G - a scroll of enchant weapon
 J - a scroll of enchant armour
 O - 6 scrolls of teleportation
 Q - 2 scrolls of fog
 T - a scroll of silence
 X - 2 scrolls of magic mapping
 Z - 16 scrolls of identify
Potions
 e - 7 potions of flight
 i - 5 potions of haste
 k - 4 potions of brilliance
 m - 2 potions of cure mutation
 r - 3 potions of invisibility
 t - a potion of resistance
 v - 3 potions of berserk rage
 w - 6 potions of heal wounds
 z - 9 potions of lignification
 A - 4 potions of cancellation
 E - a potion of ambrosia
 L - a potion of might
 R - 4 potions of magic
 S - 26 potions of curing
 V - a potion of agility
Comestibles
 f - 28 bread rations
 C - 21 beef jerkies
 D - 2 meat rations


   Skills:
 O Level 27 Fighting
 - Level 23.4 Axes
 + Level 24.2 Armour
 * Level 11.1 Dodging
 - Level 0.3 Stealth
 - Level 23.5 Shields
 - Level 9.0 Invocations
 - Level 1.4 Evocations


You had 26 spell levels left.
You didn't know any spells.

Dungeon Overview and Level Annotations

Branches:
Dungeon (15/15)            Temple (1/1) D:5            Lair (6/6) D:8
 Shoals (0/4) Lair:4        Snake (4/4) Lair:2        Slime (5/5) Lair:5
    Orc (2/2) D:10            Elf (0/3) Orc:2        Vaults (5/5) D:14
  Crypt (0/3) Vaults:3     Depths (5/5) D:15            Zot (5/5) Depths:5

Altars:
Ashenzari
Cheibriados
Dithmenos
Elyvilon
Fedhas
Gozag
Hepliaklqana
Kikubaaqudgha
Makhleb
Nemelex Xobeh
Okawaru
Qazlal
Ru
Sif Muna
Trog
Uskayaw
Vehumet
Xom
Yredelemnul
Zin
The Shining One
Jiyva

Shops:
D:5 (   D:7 :   Orc:2 :[?   Snake:4 =!   Vaults:3 !   Vaults:4 *   Depths:1 }}=

Portals:
Hell: Depths:1 Depths:2 Depths:3 Depths:4 Depths:5
Abyss: Depths:1 Depths:3 Depths:4 Depths:5
Pandemonium: Depths:3
Ziggurat: Depths:3

Annotations:
D:7 1 runed door


Innate Abilities, Weirdness & Mutations

You are clumsy. (Dex -2)
((Armour fits poorly on your strangely shaped body.))
Your magical capacity is low. (-10% MP)
You are somewhat resistant to further mutation.
You regenerate slowly when monsters are visible.
You are weak. (Str -2)
You expend magic power (3 MP) to strengthen your wands.


Message History

You are too berserk!
You feel a strong urge to attack something.
Your transformation is almost over.
The electric golem hurls lightning at you.
Helpless, you fail to dodge the bolt of lightning.
You resist.
* * * LOW HITPOINT WARNING * * *
You block the green draconian's attack.
The orb of fire emits a lurid red light.
The bolt of fire hits you! You resist.
* * * LOW HITPOINT WARNING * * *
You are too berserk!
You cannot move.
You feel your anger subside.
You are no longer berserk.
You are exhausted.
You feel yourself slow down.
The electric golem blinks!
The green draconian breathes poison at you.
Helpless, you fail to dodge the blast of poison.
You resist.
You die...

▓▓▓▓▓▓▓▓▓▓▓▓▓**
***▓...§♣§......,****
***......8§§8.....,,,,**
**,,......§d§......,,,,,** ****
*,,,...............,,,,,,*
,,,***,,,...............,,,,,,*
,,,,**,,,.....^......*..,,,,,**
,,,,,*,,,......)........,,,,**
,,,,,,,,,...............,,,**
,,,,,*,,,,,,,,,,,,,,,,,,,,,,**


You could see an orb of fire, 2 electric golems and a green draconian.

Vanquished Creatures
  the Royal Jelly (Slime:5)
  4 orbs of fire (Zot:5)
  Mara (Vaults:3)
  2 juggernauts
  4 ancient liches
  Sojobo (Vaults:4)
  Frederick (Depths:5)
  A curse toe (Zot:2)
  A caustic shrike (Depths:2)
  A golden dragon (Depths:4)
  A bone dragon (Depths:5)
  Jory (Depths:5)
  Jorgrun (Depths:1)
  Rupert (D:12)
  6 liches
  8 tentacled monstrosities
  8 Orb Guardians (Zot:5)
  2 quicksilver dragons
  6 titans
  34 acid blobs
  7 sphinxes
  5 death cobs
  7 storm dragons
  Donald (Vaults:4)
  11 tengu reavers
  9 shadow dragons
  8 fire giants
  9 nagarajas
  13 frost giants
  11 azure jellies
  5 deep elf sorcerers
  A draconian knight (Depths:5)
  A draconian scorcher (Zot:2)
  3 draconian shifters
  An iron dragon (Depths:2)
  11 vault wardens
  The ghost of Paps the Carver, a journeyman DsFi of Trog (Orc:2)
  An orc warlord (Orc:2)
  2 deep elf elementalists
  13 ironheart preservers
  A war gargoyle (Vaults:4)
  27 very ugly things
  22 stone giants
  A draconian annihilator (Depths:5)
  2 spriggan defenders (Depths:4)
  A caustic shrike skeleton (Depths:2)
  3 green draconians
  3 yellow draconians
  A purple draconian (Depths:5)
  A deep elf demonologist (Vaults:5)
  3 red draconians
  3 deep elf annihilators
  5 mottled draconians
  3 black draconians
  16 spark wasps
  4 white draconians
  12 ettins
  A crystal guardian (Vaults:4)
  8 deep elf death magi
  A minotaur (Lab)
  Josephine (Orc:1)
  15 yaktaur captains
  13 death oozes
  13 fire dragons
  3 deep elf high priests
  21 great orbs of eyes
  Erolcha (D:9)
  The ghost of Yoshimo the Bewitcher, a journeyman SpEn of Jiyva (D:15)
  29 vault guards
  9 ice dragons
  A hell beast (Depths:2)
  8 rakshasas
  Erica (Lair:2)
  22 naga warriors
  A death knight (Vaults:4)
  10 anacondas
  9 centaur warriors
  5 spriggan air magi
  20 ogre magi
  9 hydras
  11 deep troll earth magi
  9 tengu warriors
  3 vampire magi
  15 deep troll shamans
  Urug (Lair:5)
  11 naga sharpshooters
  6 shock serpents
  4 large abominations
  5 spriggans
  6 spriggan berserkers
  3 orc high priests (Orc:2)
  6 deep elf knights
  A fire crab (shapeshifter) (Depths:4)
  11 hell knights
  A shadow wraith (Vaults:4)
  3 salamander mystics
  A fire crab (Lair:5)
  A storm dragon skeleton (Zot:1)
  A golden dragon zombie (Depths:3)
  2 spark wasp zombies
  6 glowing orange brains
  A swamp dragon (shapeshifter) (D:15)
  5 unseen horrors
  11 sea snakes
  32 deep trolls
  6 flayed ghosts
  2 unseen horrors (shapeshifter) (Vaults:4)
  9 deep elf archers
  7 wizards
  2 lindwurms (Lair:6)
  2 phantasmal warriors
  A tengu zombie (Depths:2)
  6 naga ritualists
  5 hill giants
  13 ironbrand convokers
  17 harpies
  2 harpies (shapeshifter)
  11 necromancers
  14 deep elf magi
  A frost giant zombie (Vaults:1)
  A faun (shapeshifter) (Depths:2)
  16 orc knights
  4 orc sorcerers
  9 mana vipers
  A glowing shapeshifter (Depths:4)
  An iron dragon zombie (Depths:2)
  69 ugly things
  3 wolf spiders
  4 shining eyes
  2 manticores
  13 salamanders
  4 cyclopes
  A moth of wrath (shapeshifter) (D:14)
  A rust devil (Depths:2)
  11 moths of wrath
  5 elephants (Lair:5)
  36 black mambas
  6 eyes of devastation
  2 torpor snails (Lair:6)
  14 vault sentinels
  12 guardian serpents
  Psyche (D:9)
  A spriggan zombie (Depths:3)
  18 naga magi
  6 small abominations
  14 spiny frogs
  A spark wasp simulacrum (Depths:2)
  2 yaktaurs (shapeshifter)
  3 rime drakes
  35 yaktaurs
  A komodo dragon (shapeshifter) (Depths:2)
  4 komodo dragons
  A troll (shapeshifter) (Depths:4)
  3 tengu conjurers
  6 freezing wraiths
  4 polar bears
  A meliai (shapeshifter) (Vaults:5)
  A red devil (Depths:2)
  8 trolls
  2 tyrant leeches (Lair:6)
  Prince Ribbit (D:9)
  25 two-headed ogres
  16 blink frogs
  A merfolk (Lair:4)
  7 hornets
  A blink frog (shapeshifter) (Vaults:3)
  A harpy skeleton (D:12)
  113 slime creatures
  A wind drake (shapeshifter) (Depths:2)
  2 hippogriffs (shapeshifter)
  11 hippogriffs
  Grinder (D:3)
  3 dream sheep (Lair:6)
  Sigmund (D:3)
  2 spriggans (shapeshifter)
  5 air elementals
  3 shadows
  A centaur simulacrum (D:15)
  A vampire (D:10)
  5 basilisks
  10 wraiths
  11 water elementals
  An elf zombie (Depths:2)
  A tarantella (shapeshifter) (Depths:5)
  A golden eye (Slime:5)
  A hog (shapeshifter) (Depths:2)
  A human (shapeshifter) (Depths:5)
  42 yaks
  A human (D:14)
  7 hungry ghosts
  5 chaos spawn (Depths:1)
  7 wargs
  Menkaure (D:5)
  A human simulacrum (Vaults:1)
  71 nagas
  4 vampire mosquitoes (D:13)
  A soldier ant (D:12)
  A soldier ant (shapeshifter) (Vaults:1)
  A swamp worm (Lair:6)
  2 hell hounds (Orc:1)
  10 water moccasins
  A floating eye (Depths:3)
  5 porcupines
  54 orc warriors
  8 ice beasts
  An ettin simulacrum (Vaults:2)
  A hornet zombie (D:15)
  3 sky beasts
  2 human skeletons
  A black bear (D:11)
  68 ogres
  3 phantoms
  30 wolves
  8 boggarts
  3 eyes of draining
  21 centaurs
  15 crocodiles
  A human zombie (Vaults:1)
  24 bullfrogs
  4 big kobolds
  A bullfrog (shapeshifter) (Depths:3)
  A wyvern zombie (D:6)
  A glowing shapeshifter simulacrum (Depths:3)
  3 wyvern skeletons
  A scorpion (D:13)
  An elf simulacrum (Vaults:3)
  5 killer bees (D:12)
  4 electric eels (D:8)
  4 wights (D:11)
  3 howler monkeys
  A bullfrog zombie (D:9)
  5 crimson imps
  A quasit (D:12)
  A yaktaur simulacrum (Vaults:1)
  3 bullfrog skeletons
  11 hounds
  27 jellies
  19 orc priests
  34 orc wizards
  An iron imp (Depths:4)
  Terence (D:3)
  3 centaur skeletons
  2 iguanas
  Ijyb (D:2)
  10 worker ants
  A hell rat (D:6)
  2 hound zombies
  A worker ant zombie (D:5)
  Robin (D:2)
  4 gnolls (D:9)
  8 river rats
  17 adders
  A shadow imp (D:12)
  6 oozes
  An adder zombie (D:8)
  4 worms
  A dart slug (D:2)
  3 leopard geckos
  86 orcs
  7 bats
  10 giant cockroaches
  23 goblins
  10 hobgoblins
  17 jackals
  4 quokkas
  3 ball pythons
  5 frilled lizards
  A jackal skeleton (D:5)
  A jackal zombie (D:6)
  25 kobolds
  A quokka skeleton (D:8)
  38 rats
  2 crawling corpses (Vaults:5)
  A fungus (Lair:5)
  16 plants
2174 creatures vanquished.

Vanquished Creatures (others)
  A stone giant (Vaults:2)
  3 naga sharpshooters
  2 deep elf archers (Vaults:3)
  A wizard (Vaults:2)
  A naga mage (Snake:3)
  15 yaktaurs
  A golden eye (shapeshifter) (Depths:2)
  A warg (Vaults:5)
  An ogre (Vaults:4)
  An orc wizard (Orc:2)
  An orc (D:8)
  A bush (Lair:4)
  3 fungi
  13 plants
45 creatures vanquished.

Grand Total: 2219 creatures vanquished

Notes
Turn   | Place    | Note
-------+----------+-------------------------------------------
     0 | D:1      | Xerox the Hill Orc Fighter began the quest for the Orb.
     0 | D:1      | Reached XP level 1. HP: 19/19 MP: 1/1
    60 | D:1      | Reached skill level 4 in Fighting
    91 | D:1      | Reached XP level 2. HP: 26/27 MP: 2/2
   293 | D:1      | Reached XP level 3. HP: 34/34 MP: 3/3
  1329 | D:2      | Reached XP level 4. HP: 29/41 MP: 4/4
  1777 | D:2      | Noticed Robin
  1823 | D:2      | Killed Robin
  1823 | D:2      | Reached skill level 5 in Axes
  2425 | D:3      | Noticed Sigmund
  2462 | D:3      | Found an opulent altar of Gozag.
  2462 | D:3      | Noticed Ijyb
  2472 | D:2      | Killed Ijyb
  2472 | D:2      | Reached XP level 5. HP: 43/47 MP: 5/5
  2557 | D:3      | Reached skill level 5 in Fighting
  2678 | D:3      | Found a radiant altar of Vehumet.
  2909 | D:3      | Noticed Grinder
  2912 | D:3      | Paralysed by Grinder for 6 turns
  2929 | D:3      | Paralysed by Grinder for 4 turns
  3211 | D:4      | Reached XP level 6. HP: 53/56 MP: 6/6
  4082 | D:5      | Entered Level 5 of the Dungeon
  4091 | D:5      | Reached XP level 7. HP: 60/61 MP: 7/7
  4117 | D:5      | Noticed Menkaure
  4122 | D:5      | HP: 2/61 [Menkaure (14)]
  4123 | D:5      | Killed Menkaure
  4430 | D:5      | Found a staircase to the Ecumenical Temple.
  4439 | Temple   | Entered the Ecumenical Temple
  4467 | Temple   | Became a worshipper of Warmaster Okawaru
  4630 | D:4      | Reached skill level 5 in Armour
  4947 | D:5      | Found a burning altar of Makhleb.
  4960 | D:5      | Found Opaaloi's Antique Weapon Emporium.
  4980 | D:5      | Reached skill level 6 in Fighting
  5007 | D:5      | Reached XP level 8. HP: 65/70 MP: 8/8
  5276 | D:6      | Reached * piety under Okawaru
  5569 | D:6      | Reached skill level 1 in Invocations
  5675 | D:6      | Reached skill level 10 in Axes
  5677 | D:6      | Noticed a hippogriff
  5687 | D:6      | Killed a hippogriff
  5890 | D:6      | Reached XP level 9. HP: 78/78 MP: 10/10
  6322 | D:6      | Reached ** piety under Okawaru
  6447 | D:6      | Reached skill level 7 in Fighting
  6712 | D:7      | Found a snail-covered altar of Cheibriados.
  6712 | D:7      | Found a shattered altar of Ashenzari.
  6875 | D:7      | Found a runed door.
  6895 | D:7      | Noticed a sixfirhy
  7200 | D:7      | Found Xiefamae's Book Shoppe.
  7745 | D:8      | Noticed a troll
  7818 | D:8      | Reached skill level 8 in Fighting
  7819 | D:8      | Reached *** piety under Okawaru
  7819 | D:8      | Reached XP level 10. HP: 65/88 MP: 9/11
  9249 | D:9      | Noticed Psyche
  9304 | D:6      | Reached skill level 5 in Shields
  9380 | D:3      | Paralysed by Grinder for 4 turns
  9390 | D:3      | Killed Grinder
  9688 | D:3      | Noticed Terence
  9696 | D:3      | Killed Terence
  9747 | D:3      | Killed Sigmund
 10040 | D:9      | Killed Psyche
 10310 | D:9      | Reached skill level 9 in Fighting
 10313 | D:9      | Reached **** piety under Okawaru
 10344 | D:9      | Noticed Prince Ribbit
 10352 | D:9      | Killed Prince Ribbit
 10572 | D:9      | Reached XP level 11. HP: 79/97 MP: 9/12
 10668 | D:9      | Noticed Erolcha
 10677 | D:9      | Killed Erolcha
 10907 | D:9      | Found a sacrificial altar of Ru.
 11070 | D:10     | Entered Level 10 of the Dungeon
 11144 | D:10     | Reached ***** piety under Okawaru
 11158 | D:10     | Noticed a hill giant
 11166 | D:10     | Reached skill level 15 in Axes
 11383 | D:10     | Found a staircase to the Orcish Mines.
 11494 | D:10     | Received a gift from Okawaru
 11495 | D:10     | Got a pair of transparent gloves {god gift}
 11501 | D:10     | Identified the +0 pair of gloves of Synchronized Stabbing {rC- Dex+4} (Okawaru gifted it to you on level 10 of the Dungeon)
 11704 | D:11     | Killed a hill giant
 11818 | D:11     | Found a labyrinth entrance.
 11837 | Lab      | Entered a labyrinth
 12029 | Lab      | Reached skill level 10 in Fighting
 12063 | Lab      | Noticed a minotaur
 12069 | Lab      | Killed a minotaur
 12074 | Lab      | Identified a scroll of acquirement
 12367 | D:11     | Killed an unseen horror
 12367 | D:11     | Reached skill level 5 in Invocations
 12380 | D:11     | Reached skill level 10 in Armour
 13111 | D:12     | Reached XP level 12. HP: 107/107 MP: 16/16
 13245 | D:12     | Reached skill level 11 in Fighting
 13760 | D:12     | Noticed a four-headed hydra
 13779 | D:12     | Killed a 14-headed hydra
 13924 | D:12     | Received a gift from Okawaru
 13991 | D:12     | Noticed Rupert
 14038 | D:12     | Killed Rupert
 14038 | D:12     | Reached skill level 12 in Fighting
 14160 | D:12     | Reached XP level 13. HP: 114/118 MP: 19/19
 14378 | Orc:1    | Entered Level 1 of the Orcish Mines
 14917 | Orc:1    | Noticed Josephine
 14933 | Orc:1    | Killed Josephine
 15020 | Orc:1    | Found a dark tunnel.
 15070 | Orc:2    | Entered Level 2 of the Orcish Mines
 15070 | Orc:2    | Noticed Paps's ghost (journeyman DsFi)
 15249 | Orc:2    | Killed Paps's ghost
 15385 | Orc:2    | Found a staircase to the Elven Halls.
 15415 | Orc:2    | Noticed an orc warlord
 15581 | Orc:2    | Reached skill level 13 in Fighting
 16132 | D:12     | Received a gift from Okawaru
 16136 | D:12     | Got slimy mottled dragon scales {god gift}
 16147 | D:12     | Identified the +9 mottled dragon scales of Qunaihoysy {rN+++} (Okawaru gifted it to you on level 12 of the Dungeon)
 16184 | D:13     | Reached skill level 10 in Shields
 17076 | D:14     | Reached skill level 1 in Dodging
 17386 | D:14     | Noticed a vault guard
 17542 | D:14     | Reached skill level 14 in Fighting
 17680 | D:14     | Reached XP level 14. HP: 106/132 MP: 14/20
 17875 | D:14     | Received a gift from Okawaru
 17876 | D:14     | Gained mutation: You passively map a small area around you. [potion of mutation]
 17876 | D:14     | Gained mutation: Scrolls take you a little longer to read. [potion of mutation]
 17876 | D:14     | Gained mutation: Scrolls take you longer to read. [potion of mutation]
 17927 | D:14     | Lost mutation: Scrolls take you longer to read. [potion of cure mutation]
 17927 | D:14     | Lost mutation: Scrolls take you a little longer to read. [potion of cure mutation]
 17927 | D:14     | Lost mutation: You passively map a small area around you. [potion of cure mutation]
 18398 | D:14     | Found a gate to the Vaults.
 18567 | D:15     | Entered Level 15 of the Dungeon
 18625 | D:15     | Reached skill level 15 in Fighting
 18667 | D:15     | Noticed Yoshimo's ghost (journeyman SpEn)
 18699 | D:15     | Killed Yoshimo's ghost
 19329 | D:15     | Received a gift from Okawaru
 19538 | D:15     | Found a staircase to the Depths.
 20426 | D:8      | Found a staircase to the Lair.
 20452 | Lair:1   | Entered Level 1 of the Lair of Beasts
 21268 | Lair:1   | Reached skill level 1 in Evocations
 21516 | Lair:2   | Reached XP level 15. HP: 130/143 MP: 21/21
 21746 | Lair:2   | Reached skill level 5 in Dodging
 21857 | Lair:2   | Noticed Erica
 21875 | Lair:2   | Killed Erica
 21886 | Lair:2   | Reached skill level 16 in Fighting
 22010 | Lair:2   | Found a staircase to the Snake Pit.
 24308 | Lair:4   | Found a staircase to the Shoals.
 24862 | Lair:5   | Noticed Urug
 24883 | Lair:5   | Killed Urug
 25198 | Lair:5   | Received a gift from Okawaru
 25408 | Lair:5   | Found a staircase to the Slime Pits.
 25753 | Lair:6   | Entered Level 6 of the Lair of Beasts
 26269 | Lair:6   | Reached skill level 17 in Fighting
 26645 | Lair:6   | Reached XP level 16. HP: 140/155 MP: 22/22
 27861 | Orc:2    | Found Ibadwes's Magic Scroll Shop.
 27861 | Orc:2    | Found Ifessah's Distillery.
 27863 | Orc:2    | Found Vemops's Armour Shop.
 27863 | Orc:2    | Found Toila's Book Emporium.
 27874 | Orc:2    | Bought a potion of cure mutation for 375 gold pieces
 27874 | Orc:2    | Bought a potion of curing for 45 gold pieces
 27874 | Orc:2    | Bought a potion of haste for 150 gold pieces
 27874 | Orc:2    | Bought a potion of curing for 45 gold pieces
 27874 | Orc:2    | Bought a potion of heal wounds for 75 gold pieces
 27874 | Orc:2    | Bought a potion of curing for 45 gold pieces
 27874 | Orc:2    | Bought a potion of haste for 150 gold pieces
 27874 | Orc:2    | Bought a potion of curing for 45 gold pieces
 27874 | Orc:2    | Bought a potion of heal wounds for 75 gold pieces
 27874 | Orc:2    | Bought a potion of flight for 45 gold pieces
 28176 | Snake:1  | Entered Level 1 of the Snake Pit
 28771 | Snake:1  | Received a gift from Okawaru
 28792 | Snake:1  | Got a twisted broad axe {god gift}
 28793 | Snake:1  | Identified the +6 broad axe of the Vaults {speed, +Blink rPois rF++ rC-} (Okawaru gifted it to you on level 1 of the Snake Pit)
 29382 | Snake:2  | Reached skill level 15 in Shields
 29693 | Snake:2  | Noticed a nagaraja
 29709 | Snake:2  | Killed a nagaraja
 29714 | Snake:2  | Reached skill level 18 in Fighting
 30646 | Snake:2  | Received a gift from Okawaru
 30984 | Snake:2  | Reached XP level 17. HP: 165/165 MP: 23/23
 30999 | Snake:2  | Identified the Almanac of Transformation and Beguiling
 31864 | Snake:3  | Received a gift from Okawaru
 32242 | Snake:4  | Entered Level 4 of the Snake Pit
 32384 | Snake:4  | Found a flickering gateway to a bazaar.
 32395 | Bazaar   | Entered a bazaar
 32397 | Bazaar   | Found Geaqadgh's General Store.
 32401 | Bazaar   | Found Enwet's Weapon Boutique.
 32401 | Bazaar   | Found Koffa's Food Boutique.
 32401 | Bazaar   | Found Zierph's General Store.
 32433 | Bazaar   | Bought 2 potions of haste for 200 gold pieces
 32433 | Bazaar   | Bought a potion of curing for 30 gold pieces
 32433 | Bazaar   | Bought a scroll of fear for 35 gold pieces
 32534 | Snake:4  | Found Unoul's Jewellery Boutique.
 32536 | Snake:4  | Found Elorr's Distillery.
 32548 | Snake:4  | Bought a potion of might for 60 gold pieces
 33019 | Snake:4  | Reached skill level 19 in Fighting
 33052 | Snake:4  | Received a gift from Okawaru
 33487 | Snake:4  | Reached XP level 18. HP: 157/176 MP: 24/24
 33954 | Snake:4  | Got a serpentine rune of Zot
 34021 | Snake:4  | Bought an uncursed ring of protection from magic for 375 gold pieces
 34356 | Vaults:1 | Entered Level 1 of the Vaults
 34968 | Vaults:1 | Received a gift from Okawaru
 34977 | Vaults:1 | Got a pitted cloak {god gift}
 34983 | Vaults:1 | Identified the +0 cloak of the Everdark {rElec rPois MP+9 Dex-4} (Okawaru gifted it to you on level 1 of the Vaults)
 35037 | Vaults:1 | Reached skill level 20 in Fighting
 35267 | Vaults:1 | Reached XP level 19. HP: 185/185 MP: 25/25
 36797 | Vaults:2 | Reached XP level 20. HP: 193/193 MP: 26/26
 38869 | Vaults:3 | Found Ogasaa's Distillery.
 38884 | Vaults:3 | Bought a potion of might for 64 gold pieces
 39150 | Vaults:3 | Noticed Mara
 39156 | Vaults:3 | Noticed Xerox's illusion
 39217 | Vaults:3 | Noticed Xerox's illusion
 39745 | Vaults:3 | Killed Mara
 39745 | Vaults:3 | Received a gift from Okawaru
 40124 | Vaults:3 | Reached skill level 21 in Fighting
 40459 | Vaults:3 | Found a staircase to the Crypt.
 40724 | Depths:1 | Entered Level 1 of the Depths
 41509 | Vaults:4 | Found Haweaclarph's General Store.
 41656 | Vaults:4 | Noticed Donald
 41669 | Vaults:4 | Killed Donald
 41678 | Vaults:4 | Reached XP level 21. HP: 205/205 MP: 20/27
 41849 | Vaults:4 | Noticed Sojobo
 41874 | Vaults:4 | Killed Sojobo
 42128 | Vaults:4 | Reached ****** piety under Okawaru
 42242 | Vaults:4 | Reached skill level 22 in Fighting
 42246 | Vaults:4 | Received a gift from Okawaru
 42252 | Vaults:4 | Got a diamond-encrusted chain mail {god gift}
 42263 | Vaults:4 | Identified the +1 chain mail "Koottoze" {rCorr Str+3} (Okawaru gifted it to you on level 4 of the Vaults)
 42604 | Vaults:5 | Entered Level 5 of the Vaults
 42950 | Vaults:4 | Reached skill level 23 in Fighting
 43053 | Vaults:5 | Received a gift from Okawaru
 43372 | Vaults:4 | Reached XP level 22. HP: 120/220 MP: 23/28
 43763 | Vaults:5 | Noticed an ancient lich
 44061 | Vaults:4 | Received a gift from Okawaru
 44063 | Vaults:4 | Got a tattered robe {god gift}
 44074 | Vaults:4 | Identified the +0 robe of Etuy {MR- Str+4 Dex+7} (Okawaru gifted it to you on level 4 of the Vaults)
 44122 | Vaults:4 | Killed an ancient lich
 44122 | Vaults:4 | Reached skill level 24 in Fighting
 44662 | Vaults:5 | Noticed an ancient lich
 44679 | Vaults:5 | Killed an ancient lich
 44872 | Vaults:5 | Got a translucent plate armour
 44936 | Vaults:4 | Identified the +5 plate armour of Greater Demons {rF- rC++} (You found it on level 5 of the Vaults)
 45053 | Vaults:5 | Received a gift from Okawaru
 45172 | Vaults:5 | Got a transparent granite ring
 45178 | Vaults:5 | Noticed an ancient lich
 45194 | Vaults:5 | Killed an ancient lich
 45430 | Vaults:5 | Reached XP level 23. HP: 232/232 MP: 29/29
 45695 | Vaults:5 | Identified the ring of Ybierat {rC+ Dex+3} (You took it off a fire giant on level 5 of the Vaults)
 45738 | Vaults:5 | Got a coiled amber ring
 45777 | Vaults:5 | Reached skill level 25 in Fighting
 45890 | Vaults:5 | Got a silver rune of Zot
 46455 | Vaults:5 | Identified the ring of Midnight {rPois AC+5 Int+2} (You took it off a frost giant on level 5 of the Vaults)
 46953 | Slime:1  | Entered Level 1 of the Pits of Slime
 47971 | Slime:2  | Reached skill level 26 in Fighting
 47985 | Slime:2  | Received a gift from Okawaru
 47988 | Slime:2  | Got a pair of jewelled gloves {god gift}
 47999 | Slime:2  | Identified the +1 pair of gloves of Fun {*Contam rCorr Int+9 SInv} (Okawaru gifted it to you on level 2 of the Pits of Slime)
 48057 | Slime:2  | Found a viscous altar of Jiyva.
 48745 | Slime:5  | Entered Level 5 of the Pits of Slime
 48992 | Slime:4  | Gained mutation: You are robust. (+10% HP) [a shining eye]
 49081 | Slime:5  | Gained mutation: Potions and wands are less effective at restoring your health. [a shining eye]
 49082 | Slime:5  | Gained mutation: You are clumsy. (Dex -2) [a shining eye]
 49450 | Slime:5  | Noticed the Royal Jelly
 49466 | Slime:5  | Killed the Royal Jelly
 49466 | Slime:5  | Reached skill level 27 in Fighting
 49466 | Slime:5  | Reached XP level 24. HP: 203/273 MP: 23/29
 50462 | Slime:5  | Got a slimy rune of Zot
 50484 | Slime:5  | Identified the Guide on Harmful Poisoning
 50779 | Slime:5  | Got a crude ivory ring
 50781 | Slime:5  | Identified the ring of Hemuk {Fire Str+3} (You found it on level 5 of the Pits of Slime)
 51618 | Depths:1 | Received a gift from Okawaru
 51828 | Depths:1 | Found a gateway to Hell.
 51908 | Depths:1 | Lost mutation: You are robust. (+10% HP) [mutagenic glow]
 52923 | Depths:1 | Noticed Jorgrun
 52941 | Depths:1 | Killed Jorgrun
 53256 | Depths:1 | Found Eskiuj's Jewellery Shop.
 53256 | Depths:1 | Found Iguege's Gadget Shoppe.
 53257 | Depths:1 | Found Joghu's Gadget Shoppe.
 53318 | Depths:1 | Reached skill level 15 in Armour
 53553 | Depths:1 | Found a one-way gate to the infinite horrors of the Abyss.
 54282 | Depths:2 | Gained mutation: You have sharp fingernails. [a shining eye]
 54364 | Depths:2 | Received a gift from Okawaru
 54467 | Depths:2 | Got a pair of blackened gloves {god gift}
 54486 | Depths:2 | Identified the +0 pair of gloves "Ileyw" {rF- rN++} (Okawaru gifted it to you on level 2 of the Depths)
 54563 | Depths:2 | Reached XP level 25. HP: 256/256 MP: 29/29
 56025 | Depths:3 | Noticed a juggernaut
 56047 | Depths:3 | Killed a juggernaut
 56163 | Depths:3 | Received a gift from Okawaru
 56171 | Depths:3 | Found a hazy altar of Hepliaklqana.
 56819 | Depths:3 | Found a one-way gate leading to the halls of Pandemonium.
 56936 | Depths:3 | Gained mutation: You occasionally shout uncontrollably at your foes. [potion of mutation]
 56936 | Depths:3 | Gained mutation: You are occasionally teleported next to monsters. [potion of mutation]
 56937 | Depths:3 | Lost mutation: You occasionally shout uncontrollably at your foes. [potion of cure mutation]
 56937 | Depths:3 | Lost mutation: You are clumsy. (Dex -2) [potion of cure mutation]
 56937 | Depths:3 | Lost mutation: You are occasionally teleported next to monsters. [potion of cure mutation]
 56962 | Depths:3 | Found a gateway to a ziggurat.
 56991 | Depths:3 | Lost mutation: Potions and wands are less effective at restoring your health. [potion of cure mutation]
 56991 | Depths:3 | Lost mutation: You have sharp fingernails. [potion of cure mutation]
 57315 | Depths:4 | Found a magical portal.
 57377 | Depths:4 | Reached XP level 26. HP: 240/265 MP: 29/29
 57485 | Depths:4 | Received a gift from Okawaru
 57578 | Depths:4 | Found a shattered altar of Ashenzari.
 58179 | Depths:4 | Noticed a juggernaut
 58201 | Depths:4 | Killed a juggernaut
 58813 | Depths:5 | Entered Level 5 of the Depths
 58813 | Depths:5 | Noticed Frederick
 58813 | Depths:5 | Noticed Jory
 58822 | Depths:5 | Received a gift from Okawaru
 58840 | Depths:5 | Killed Frederick
 58851 | Depths:5 | Killed Jory
 59507 | Depths:5 | Found a gate to the Realm of Zot.
 60067 | Zot:1    | Entered Level 1 of the Realm of Zot
 60148 | Zot:1    | Reached XP level 27. HP: 259/272 MP: 29/29
 60599 | Zot:2    | Received a gift from Okawaru
 60730 | Zot:5    | Entered Level 5 of the Realm of Zot
 60992 | Zot:5    | Noticed an orb of fire
 61017 | Zot:5    | Killed an orb of fire
 61017 | Zot:5    | Reached skill level 10 in Dodging
 61294 | Zot:5    | Noticed an ancient lich
 61326 | Zot:5    | Killed an ancient lich
 61365 | Zot:5    | Noticed an orb of fire
 61389 | Zot:5    | Gained mutation: You are weak. (Str -2) [an orb of fire]
 61396 | Zot:5    | Noticed an orb of fire
 61402 | Zot:5    | Gained mutation: Armour fits poorly on your strangely shaped body. [an orb of fire]
 61408 | Zot:5    | Gained mutation: You expend magic power (3 MP) to strengthen your wands. [an orb of fire]
 61411 | Zot:5    | Killed an orb of fire
 61425 | Zot:5    | Gained mutation: You regenerate slowly when monsters are visible. [an orb of fire]
 61428 | Zot:5    | Gained mutation: You are somewhat resistant to further mutation. [an orb of fire]
 61432 | Zot:5    | Noticed an orb of fire
 61432 | Zot:5    | Noticed an orb of fire
 61436 | Zot:5    | Gained mutation: You are clumsy. (Dex -2) [an orb of fire]
 61438 | Zot:5    | Gained mutation: Your magical capacity is low. (-10% MP) [an orb of fire]
 61454 | Zot:5    | Killed an orb of fire
 61454 | Zot:5    | Received a gift from Okawaru
 61455 | Zot:5    | HP: 17/613 [orb of fire/fireball (15)]
 61457 | Zot:5    | Killed an orb of fire
 61458 | Zot:5    | Noticed an orb of fire
 61459 | Zot:5    | HP: 3/613 [orb of fire/bolt of fire (6)]
 61461 | Zot:5    | Killed from afar by a green draconian

Skill      XL: |  1  2  3  4  5  6  7  8  9 10 11 12 13 14 15 16 17 18 19 20 21 22 23 24 25 26 27 |
---------------+----------------------------------------------------------------------------------+-----
Fighting       | 4 5 6 8 9 10 12 14 15 17 18 19 20 21 23 24 27 | 27.0
Axes           | 3 4 5 6 7 9 10 12 14 16 17 19 20 21 23 | 23.4
Armour         | 4 5 6 7 9 10 11 12 13 17 20 22 24 | 24.2
Invocations    | 2 5 8 9 |  9.0
Shields        | 4 5 6 8 11 12 14 15 16 18 19 21 22 23 | 23.5
Dodging        | 1 4 7 8 11 | 11.1
Evocations     | 1 |  1.4
Stealth        | |  0.3

Action                   |  1- 3 |  4- 6 |  7- 9 | 10-12 | 13-15 | 16-18 | 19-21 | 22-24 | 25-27 || total
-------------------------+-------+-------+-------+-------+-------+-------+-------+-------+-------++-------
Melee: War axe           |   141 |   234 |   283 |   642 |  1552 |   255 |       |       |       ||  3107
       Broad axe         |       |       |       |       |       |  1050 |  1075 |  1656 |  1722 ||  5503
Invok: Heroism           |       |       |     3 |    21 |    24 |    10 |    11 |    16 |    15 ||   100
       Finesse           |       |       |       |     3 |    18 |    12 |    14 |    16 |    17 ||    80
 Abil: Evoke Blink       |       |       |       |       |       |       |       |     1 |       ||     1
Evoke: Wand              |       |       |       |     1 |     4 |       |       |       |       ||     5
  Use: Potion            |       |     3 |       |       |     3 |     3 |     4 |     4 |    11 ||    28
       Scroll            |       |     2 |     6 |    11 |     8 |     4 |     4 |    13 |    12 ||    60
 Stab: Distracted        |       |       |       |     1 |     2 |     3 |     4 |     2 |     2 ||    14
       Sleeping          |       |       |       |       |     9 |     9 |     7 |     5 |       ||    30
       Petrifying        |       |       |       |       |       |       |       |     1 |       ||     1
  Eat: Chunk             |     2 |     4 |     7 |    12 |    16 |     7 |    24 |     2 |     2 ||    76
       Meat ration       |       |     1 |     1 |     3 |     1 |     1 |       |     4 |     3 ||    14
       Fruit             |       |       |       |     9 |    19 |    13 |       |     7 |       ||    48
       Pizza             |       |       |       |       |     3 |       |       |     4 |     1 ||     8
       Royal jelly       |       |       |       |       |       |       |     1 |     1 |     1 ||     3
       Beef jerky        |       |       |       |       |       |       |       |     1 |       ||     1
       Bread ration      |       |       |       |       |       |       |       |       |     1 ||     1
Armor: Scale mail        |    75 |   100 |    58 |       |       |       |       |       |       ||   233
       Plate armour      |       |       |    25 |   316 |    97 |       |       |   166 |   316 ||   920
       Mottled dragon sc |       |       |       |       |   356 |   167 |   142 |    81 |       ||   746
       Skin              |       |       |       |       |       |       |       |       |     4 ||     4
Dodge: Dodged            |    39 |    60 |    54 |   101 |   478 |   303 |   192 |   205 |   211 ||  1643
Block: Shield            |    81 |   151 |    83 |   246 |   747 |   357 |       |       |       ||  1665
       Reflection        |       |       |       |       |       |    95 |    64 |    73 |    57 ||   289
       Large shield      |       |       |       |       |       |   533 |   788 |  1025 |  1163 ||  3509
